 Dungeon Crawl Stone Soup version 0.23.2 (webtiles) character file.

Game seed: 3154476477380747668

57 Menchi the Skirmisher (level 4, -3/41 HPs)
             Began as a Ghoul Wanderer on Apr 7, 2019.
             Slain by a hobgoblin (5 damage)
             ... led by Robin
             ... on level 2 of the Dungeon.
             The game lasted 00:03:08 (1172 turns).

Menchi the Skirmisher (Ghoul Wanderer)              Turns: 1172, Time: 00:03:08

Health: -3/41      AC:  5    Str: 17      XL:     4   Next: 0%
Magic:  3/3        EV: 10    Int:  8 (9)  God:
Gold:   31         SH:  0    Dex:  7 (8)  Spells: 3/3 levels left

rFire    . . .     SeeInvis .   a - +2 hand crossbow
rCold    + . .     Gourm    .   (no shield)
rNeg     + + +     Faith    .   d - +0 ring mail
rPois    ∞         Spirit   .   (no helmet)
rElec    .         Reflect  .   (no cloak)
rCorr    .         Harm     .   (no gloves)
MR       +....                  (no boots)
Stlth    +.........             (no amulet)
HPRegen  0.00/turn              i - ring of protection from magic
MPRegen  0.08/turn              m - +3 ring of strength

@: rotting
A: rotting body, claws 1, carnivore, cold resistance 1, negative energy
resistance 3, inhibited regeneration, torment resistance, unbreathing
a: no special abilities


You were on level 2 of the Dungeon.
You were not hungry.

You visited 1 branch of the dungeon, and saw 2 of its levels.

You collected 31 gold pieces.

Inventory:

Hand Weapons
 a - a +2 hand crossbow (weapon)
 c - a +0 mace
Missiles
 b - 41 bolts (quivered)
Armour
 d - a +0 ring mail (worn)
 o - a +0 helmet
Jewellery
 i - a ring of protection from magic (left claw)
 m - a +3 ring of strength (right claw)
 n - an uncursed ring of stealth
Scrolls
 e - a scroll of amnesia {unknown}
 g - a scroll of fog {unknown}
 j - 2 scrolls of fear {unknown}
Potions
 l - a potion of degeneration {unknown}
Comestibles
 f - 6 rations


   Skills:
 * Level 4.5 Fighting
 - Level 1.7 Crossbows
 + Level 3.1 Armour
 * Level 1.0 Dodging
 - Level 1.1 Stealth
   Level 1.0 Evocations


You had 3 spell levels left.
You didn't know any spells.
Your spell library was empty.

Dungeon Overview and Level Annotations

Branches:
Dungeon (2/15)

Altars:
Fedhas

Annotations:
D:2 Robin


Innate Abilities, Weirdness & Mutations

Your body is rotting away.
You thrive on raw meat.
You are immune to poison.
You have sharp fingernails.
You are carnivorous and can eat meat at any time.
Your flesh is cold resistant. (rC+)
You are immune to negative energy. (rN+++)
You do not regenerate when monsters are visible.
You are immune to unholy pain and torment.
You can survive without breathing.


Message History

Firing (i - inventory)
b - 42 bolts (quivered)
Press: ? - help, Shift-Dir - straight line, f - goblin
Aim: a goblin, wielding a +0 dagger (moderately wounded, unusually strong)
You shoot a bolt. The bolt hits the goblin.
You kill the goblin!
You have reached level 4!
The goblin hits you but does no damage. x2
Okay, then.
It was a potion of mutation.
You feel extremely strange.
Your body decomposes!
You feel clumsy.
Your body decomposes!
You feel dopey. The hobgoblin hits you.
* * * LOW HITPOINT WARNING * * *
It was a potion of magic.
Magic courses through your body. The goblin hits you with a +0 club.
* * * LOW HITPOINT WARNING * * *
The hobgoblin hits you.
You die...

.##..(....#............
#..........)....#. .#
#...............# ...#
##..............# ....##
#....(.........# #†...# ..
#..............###....#
...###......gg##.....#.....#
..........###gggg##.......#
..........###@##g##.....#.#
...............#....g.....##
...............#....#g#g...#
...............#....#g..g..#
...............#.#..##.....# g
.........#.....#.#..##.....#..
.........#...###.#...+....g..g
....######...+ #.#>###........
... #...# #............#.


You could see 4 hobgoblins and 2 goblins.

Vanquished Creatures
  2 adders
  A dart slug (D:1)
  5 leopard geckos (D:1)
  A giant cockroach (D:2)
  6 goblins
  5 hobgoblins
  4 frilled lizards (D:1)
  4 kobolds
  4 rats (D:1)
32 creatures vanquished.

Notes
Turn   | Place    | Note
-------+----------+-------------------------------------------
     0 | D:1      | Menchi the Ghoul Wanderer began the quest for the Orb.
     0 | D:1      | Menchi set off with the following items: a +2 hand
                  | crossbow, 26 bolts, a +0 mace, a +0 ring mail, a ration
     0 | D:1      | Reached XP level 1. HP: 19/19 MP: 0/0
   117 | D:1      | Reached XP level 2. HP: 18/26 MP: 1/1
   413 | D:1      | Reached skill level 4 in Fighting
   641 | D:1      | Reached XP level 3. HP: 30/30 MP: 2/2
   698 | D:2      | Found a blossoming altar of Fedhas.
  1060 | D:2      | Reached skill level 1 in Dodging
  1142 | D:2      | Noticed Robin
  1170 | D:2      | Reached XP level 4. HP: 10/41 MP: 3/3
  1172 | D:2      | HP: 2/41 [goblin/+0 club[Robin] (5)]
  1172 | D:2      | Slain by a hobgoblin

Skill      XL: |  1  2  3 |
---------------+----------+-----
Fighting       | 4 |  4.5
Armour         | 3 |  3.1
Dodging        | 1 |  1.0
Crossbows      | |  1.7
Stealth        | |  1.1
Evocations     | |  1.0

Action                   |  1- 3 |  4- 6 || total
-------------------------+-------+-------++-------
 Fire: Hand crossbow     |    82 |       ||    82
  Use: Scroll            |     1 |       ||     1
       Potion            |       |     2 ||     2
  Eat: Chunk             |     5 |       ||     5
Armor: Ring mail         |    24 |       ||    24
Dodge: Dodged            |    41 |       ||    41
